 Dungeon Crawl Stone Soup version 0.24-a0-459-g225fefd (webtiles) character file.

Game seed: 1513821297806712074

62 Bazman the Digger (level 4, -3/31 HPs)
             Began as a Formicid Earth Elementalist on June 25, 2019.
             Slain by a worm (9 damage)
             ... on level 2 of the Dungeon on June 29, 2019.
             The game lasted 00:34:14 (2342 turns).

Bazman the Digger (Formicid Earth Elementalist)     Turns: 2342, Time: 00:34:15

Health: -3/31      AC:  9    Str: 11 (13) XL:     4   Next: 28%
Magic:  8/8        EV:  5    Int: 11 (13) God:
Gold:   75         SH:  0    Dex: 10 (11) Spells: 7/8 levels left

rFire    . . .     SeeInvis +   C - -1 short sword (curse)
rCold    . . .     Gourm    .   (no shield)
rNeg     . . .     Faith    .   o - +0 chain mail
rPois    .         Spirit   .   (helmet unavailable)
rElec    .         Reflect  .   j - +0 cloak
rCorr    .         Harm     .   (no gloves)
MR       .....                  (no boots)
Stlth    ..........             (no amulet)
HPRegen  0.10/turn              (no ring)
MPRegen  0.11/turn              (no ring)

@: no status effects
A: permanent stasis, dig shafts and tunnels, four strong arms, antennae 3, dopey
1, mutation resistance 1, subdued magic 1
a: Dig, Shaft Self


You were on level 2 of the Dungeon.
You were not hungry.

You visited 1 branch of the dungeon, and saw 2 of its levels.

You collected 75 gold pieces.

Inventory:

Hand Weapons
 a - a +0 club
 e - a +0 short sword
 g - a +0 club
 k - a +0 dagger
 m - a +0 short sword
 p - a +0 dagger
 s - a +0 mace
 v - a +0 dagger
 x - a +0 whip
 A - a +0 short sword
 C - a cursed -1 short sword (weapon)
Missiles
 b - 106 stones
 l - 25 poisoned darts (quivered)
 n - 25 bolts
 B - 54 arrows
Armour
 c - a +0 robe
 h - a +0 robe
 j - a +0 cloak (worn)
 o - a +0 chain mail (worn)
 q - a cursed +0 robe
 y - a +0 robe
 z - a +0 ring mail
Jewellery
 f - an uncursed ring of stealth {unknown}
 r - an uncursed ring of protection from fire {unknown}
 t - an uncursed ring of stealth {unknown}
Scrolls
 w - a scroll of teleportation
Potions
 i - 2 potions of curing
Comestibles
 d - a ration


   Skills:
 + Level 0.3 Fighting
 + Level 0.5 Short Blades
 + Level 0.5 Throwing
 + Level 0.3 Armour
 + Level 2.2 Dodging
 + Level 3.1 Stealth
 + Level 2.9 Spellcasting
   Level 1.1 Transmutations
 + Level 4.1 Earth Magic


You had 7 spell levels left.
You knew the following spells:

 Your Spells              Type           Power        Failure   Level  Hunger
a - Sandblast             Erth           #.....       95%         1    #......

Your spell library contained the following spells:

 Spells                   Type           Power        Failure   Level  Hunger
 Passwall                 Tmut/Erth      #.......     100%        2    ###....
 Stone Arrow              Conj/Erth      #.....       100%        3    ###....
 Petrify                  Tmut/Erth      #.......     100%        4    #####..
 Lee's Rapid Deconstruct  Erth           #.........   100%        5    ######.


Dungeon Overview and Level Annotations

Branches:
Dungeon (2/15)

Altars:
Trog


Innate Abilities, Weirdness & Mutations

You cannot be hasted, slowed, berserked, paralysed or teleported.
You can dig through walls and to a lower floor.
Your four strong arms can wield two-handed weapons with a shield.
You have a pair of large antennae on your head. (SInv)
You are dopey. (Int -2)
You are somewhat resistant to further mutation.
Your spells are a little easier to cast, but a little less powerful.


Message History

You hit the rat.
The rat is moderately wounded.
The rat bites you but does no damage. x2
You hit the rat.
You kill the rat!
You barely miss the worm. The worm bites you!
You hit the worm.
The worm is lightly wounded.
The worm bites you.
Press: ? - help, v - describe, . - travel The floor.
You hit the worm.
The worm is lightly wounded.
The worm closely misses you.
You completely miss the worm.
The worm is lightly wounded.
The worm bites you!
* * * LOW HITPOINT WARNING * * *
The worm bites you!
You die...

#.........##....###
######........##.......#
#.......†.....#.........
#.......##.####....#...)
#.......##.####...###...
##...#####'#..†...#y#._.
#...##......##..(###...
#...##(...w###...(#...)
#...##...@.#.#.......).
#...#####.##.##......(#
###...#####.##.###....###
#...........##.# #####
#.#...##.......# #.#.# # ##
#.#...##.......# #.#.#.# #.
#.#...##.......# #.#.#.# #.
#.#...##.......####.....# #.
#.#######'##........#.#####.


You could see a worm (berserk).

Vanquished Creatures
  3 worms (D:2)
  A dart slug (D:1)
  2 giant cockroaches
  8 goblins
  4 hobgoblins
  6 jackals
  A quokka (D:2)
  6 bats
  4 frilled lizards
  5 kobolds
  9 rats
49 creatures vanquished.

Notes
Turn   | Place    | Note
-------+----------+-------------------------------------------
     0 | D:1      | Bazman the Formicid Earth Elementalist began the quest for
                  | the Orb.
     0 | D:1      | Reached XP level 1. HP: 13/13 MP: 3/3
   344 | D:1      | Reached skill level 4 in Earth Magic
   344 | D:1      | Reached XP level 2. HP: 19/19 MP: 5/5
   582 | D:1      | Reached XP level 3. HP: 24/24 MP: 6/6
  1467 | D:2      | Reached XP level 4. HP: 9/30 MP: 8/8
  1690 | D:2      | Upgraded the game from 0.24-a0-447-ge8da920 to
                  | 0.24-a0-459-g225fefd
  1705 | D:2      | Gained mutation: Your spells are a little easier to cast,
                  | but a little less powerful. [potion of mutation]
  1705 | D:2      | Gained mutation: You are dopey. (Int -2) [potion of
                  | mutation]
  1705 | D:2      | Gained mutation: You are somewhat resistant to further
                  | mutation. [potion of mutation]
  2041 | D:2      | Noticed a moth of wrath
  2044 | D:2      | Found a bloodstained altar of Trog.
  2342 | D:2      | Slain by a worm

Levels and vault maps discovered:
D:1:      dpeg_arrival_round_a, layout_loops_ring, minmay_domino_2
D:2:      layout_basic, tgw_trog, minmay_quantized

Skill      XL: |  1  2  3 |
---------------+----------+-----
Earth Magic    | 4 |  4.1
Dodging        | 2 |  2.2
Stealth        | 3 |  3.1
Fighting       | |  0.3
Short Blades   | |  0.5
Throwing       | |  0.5
Armour         | |  0.3
Spellcasting   | |  2.9
Transmutations | |  1.1

Action                   |  1- 3 |  4- 6 || total
-------------------------+-------+-------++-------
Melee: Unarmed           |     6 |       ||     6
       Short sword       |   117 |    67 ||   184
Throw: Stone             |     3 |     2 ||     5
       Dart              |    11 |    20 ||    31
 Cast: Sandblast         |    23 |       ||    23
 Abil: Dig               |     3 |       ||     3
  Use: Potion            |     5 |     2 ||     7
       Scroll            |     2 |       ||     2
 Stab: Sleeping          |     8 |       ||     8
  Eat: Ration            |     1 |     1 ||     2
Armor: Robe              |    19 |       ||    19
       Chain mail        |    63 |    57 ||   120
Dodge: Dodged            |    64 |    18 ||    82

Table legend:
 A = Non-vault XP
 B = Vault XP
 C = Vault XP percentage of total XP
 D = Non-vault monster count
 E = Vault monster count
 F = Vault count percentage of total count
                 A         B        C        D         E       F
            +---------+---------+-------+---------+---------+-------
      Total |      79 |      10 |  11.2 |      44 |       5 |  10.2
            +---------+---------+-------+---------+---------+-------
        D:1 |      41 |       2 |   4.7 |      26 |       1 |   3.7
        D:2 |      38 |       8 |  17.4 |      18 |       4 |  18.2
            +---------+---------+-------+---------+---------+-------
